Map: Heavy Artillery LE

Players

Garja

  • Race: Terran Terran
  • Spawn Location: 1:00

siandex

  • Race: Zerg Zerg
  • Spawn Location: 3:00

qqq - Winner!

  • Race: Zerg Zerg
  • League: Platinum
  • Spawn Location: 7:00

Massa - Winner!

  • Race: Terran Terran
  • League: Platinum
  • Spawn Location: 7:00

VOD

Have the link to the VOD?

Description

Time

  • Played on: Nov. 23, 2020, 2:40 p.m.
  • Length: 15:35
Show
View Real Time Build Order
Export as new Build Order

Garja Terran 

Build Orders:  

Get SALT Encoding   

  12  0:00  SCV  
  13  0:12  SCV  
  14  0:18  Supply Depot  
  14  0:25  SCV  
  15  0:42  Barracks  
  15  0:47  Refinery, SCV  
  16  1:00  SCV  
  17  1:12  SCV  
  18  1:28  Orbital Command  
  18  1:37  Barracks Reactor  
  18  1:41  Supply Depot  
  18  1:56  SCV  
  18  2:01  Command Center  
  19  2:05  Barracks  
  19  2:13  SCV  
  19  2:15  Refinery, Marine  
  20  2:18  Marine  
  23  2:30  SCV  
  23  2:41  Marine  
  23  2:42  Marine  
  25  2:47  SCV  
  26  2:54  Barracks Tech Lab  
  26  3:00  SCV  
  27  3:12  SCV  
  28  3:13  Orbital Command  
  28  3:16  Stimpack  
  28  3:20  Marine x2  
  28  3:21  Marine  
  28  3:24  SCV  
  28  3:27  Factory  
  32  3:29  Orbital Command  
  32  3:34  Supply Depot  
  32  3:36  SCV  
  32  3:38  Marine x3  
  36  3:50  SCV  
  37  3:56  Marine x3  
  37  3:57  SCV  
  37  3:58  Supply Depot  
  37  4:02  SCV  
  42  4:09  SCV  
  43  4:14  Factory Reactor  
  43  4:16  Starport  
  43  4:17  Marine  
  43  4:18  SCV, Marauder, Marine  
  43  4:21  SCV  
  49  4:30  SCV  
  50  4:41  Bunker  
  32  4:53  Marine  
  32  4:54  Marauder, Marine  
  32  4:55  Widow Mine x2  
  32  4:58  Liberator  
  34  5:11  Marine  
  35  5:15  Marauder  
  35  5:18  Bunker  
  37  5:24  SCV  
  37  5:27  Widow Mine  
  37  5:28  Marine  
  41  5:30  Marine  
  42  5:37  Marauder  
  42  5:41  Liberator  
  43  5:58  Marauder  
  45  6:15  SCV  
  44  6:20  Marauder, Marine x2  
  44  6:21  Widow Mine x2  
  44  6:24  Liberator  
  55  6:27  SCV  
  56  6:36  Orbital Command  
  56  6:42  Marauder  
  56  6:46  SCV  
  59  6:55  Supply Depot  
  59  6:58  SCV, Supply Depot  
  60  7:03  SCV  
  61  7:10  SCV  
  62  7:16  SCV  
  62  7:21  Marauder, Marine x2  
  62  7:22  Widow Mine x2, SCV, Starport Reactor  
  72  7:29  SCV  
  73  7:34  SCV  
  74  7:39  Marine x2  
  74  7:43  Marauder  
  78  7:47  Command Center  
  78  8:08  Refinery  
  78  8:11  Engineering Bay  
  78  8:13  Engineering Bay  
  78  8:25  Barracks  
  78  8:27  Barracks  
  78  8:28  Combat Shield  
  78  8:29  Barracks  
  78  8:37  Refinery  
  78  8:39  Supply Depot  
  78  8:41  Terran Infantry Weapons Level 1  
  78  8:42  Terran Infantry Armor Level 1  
  78  8:46  Armory  
  78  8:58  Marine x2  
  78  8:59  Widow Mine x2, SCV x2, Marauder, Medivac x2  
  93  9:03  Planetary Fortress  
  92  9:11  SCV x2, Marine  
  92  9:16  Marine  
  97  9:17  Supply Depot  
  97  9:20  Barracks  
  99  9:29  SCV x2  
  101  9:33  Barracks Tech Lab  
  101  9:34  Barracks Reactor x2  
  98  9:48  SCV x2  
  98  9:49  Liberator x2  
  106  10:00  Refinery  
  106  10:07  Marauder, Marine  
  106  10:14  Marauder, Marine  
  109  10:23  Missile Turret  
  109  10:26  Missile Turret x2  
  109  10:34  Marine  
  109  10:36  Marine  
  109  10:48  Terran Infantry Armor Level 2  
  109  11:12  Terran Infantry Weapons Level 2  
  109  11:13  Marine x2, Missile Turret  
  109  11:16  Missile Turret  
  109  11:37  Starport  
  109  11:44  SCV, Marine x2  
  109  11:55  SCV x2, Marine  
  109  11:56  Marine  
  109  11:57  Marine  
  109  11:58  SCV  
  109  12:00  Marine  
  109  12:10  Concussive Shells  
  109  12:28  Widow Mine  
  109  12:29  SCV  
  109  12:30  Marine  
  109  12:31  Marauder  
  109  12:33  Marine x2  
  109  12:34  Marine x2  
  109  12:35  Marauder  
  109  12:36  Command Center  
  109  12:41  Marine  
  109  12:42  Liberator x2  
  109  12:43  Widow Mine  
  105  12:48  Marine  
  105  12:50  Marine x2  
  108  12:52  Marine x2  
  108  12:53  Marauder  
  108  12:56  Marauder  
  104  12:58  Marine  
  95  13:06  Marine  
  95  13:08  Marine x2  
  95  13:11  Marine x2  
  92  13:13  Widow Mine x2  
  92  13:14  Marauder  
  92  13:16  Marine  
  92  13:18  Marauder  
  101  13:23  Marine  
  101  13:25  Liberator x2  
  101  13:26  Marine x2  
  105  13:29  Marine x2  
  95  13:47  Marine x6  
  95  13:48  Marauder x2  
  102  14:05  Marine x2, Supply Depot  
  102  14:07  Supply Depot  
  102  14:09  Marauder  
  106  14:10  Supply Depot  
  106  14:12  Supply Depot  
  78  14:25  Marine x3  
  78  14:26  Marauder  
  78  14:31  Marauder  
  74  14:47  Marauder  
  74  14:52  Marauder  
  59  15:03  Marine  
  52  15:08  Marauder  
  52  15:13  Marauder  
Show
View Real Time Build Order
Export as new Build Order

siandex Zerg 

Build Orders: Hatch First 

Get SALT Encoding   

  12  0:00  Drone  
  13  0:12  Overlord  
  13  0:20  Drone  
  14  0:31  Drone x2  
  14  0:35  Extractor, Drone  
  16  0:49  Drone  
  17  0:58  Drone  
  18  1:14  Hatchery  
  17  1:19  Spawning Pool  
  17  1:23  Drone  
  17  1:29  Drone  
  18  1:36  Drone  
  18  1:39  Drone  
  20  1:50  Drone  
  20  1:53  Extractor  
  20  2:02  Drone  
  21  2:11  Zergling x2  
  22  2:25  Queen  
  22  2:26  Overlord  
  24  2:31  Zergling x2  
  25  2:39  Overlord  
  25  2:41  Drone  
  25  2:53  Zergling x4  
  25  2:54  Drone  
  27  2:59  Queen  
  27  3:02  Metabolic Boost  
  29  3:08  Zergling x4  
  31  3:20  Zergling x4  
  31  3:21  Drone  
  34  3:29  Drone  
  35  3:46  Overlord x2  
  36  3:48  Drone x2  
  36  3:49  Drone  
  38  4:03  Overlord  
  38  4:11  Drone x2, Hatchery  
  38  4:14  Extractor  
  38  4:16  Drone x2  
  40  4:26  Drone x3  
  40  4:30  Extractor  
  35  4:33  Zergling x4  
  39  4:40  Drone  
  39  4:41  Drone x2  
  39  4:42  Roach Warren  
  39  4:51  Zergling x8  
  39  4:52  Zergling x2  
  43  4:54  Zergling x6  
  43  4:59  Zergling x2  
  47  5:08  Zergling x2  
  47  5:09  Drone  
  49  5:14  Drone, Extractor  
  49  5:19  Extractor, Drone  
  49  5:20  Evolution Chamber  
  48  5:22  Evolution Chamber  
  48  5:23  Drone x3  
  48  5:24  Zergling x2  
  51  5:30  Lair  
  51  5:33  Drone  
  52  5:46  Overlord x3  
  52  6:06  Roach x8  
  52  6:10  Zergling x2  
  69  6:16  Roach  
  71  6:23  Zerg Ground Armor Level 1  
  71  6:24  Zerg Melee Weapons Level 1  
  71  6:25  Zergling x6  
  74  6:27  Drone  
  74  6:29  Drone  
  74  6:32  Overlord  
  76  6:51  Roach x2  
  76  6:52  Drone  
  76  6:54  Drone  
  82  6:57  Zergling x4  
  82  7:00  Hatchery  
  83  7:04  Extractor  
  83  7:05  Extractor  
  81  7:13  Queen  
  83  7:27  Overlord  
  83  7:28  Overlord x3  
  46  7:54  Roach x6  
  54  8:00  Roach  
  54  8:01  Roach x5  
  54  8:03  Glial Reconstitution  
  66  8:11  Roach x2  
  70  8:15  Drone  
  73  8:20  Roach  
  73  8:24  Overlord  
  73  8:25  Drone  
  73  8:26  Drone  
  73  8:27  Drone x2  
  77  8:31  Roach x2  
  77  8:32  Roach  
  83  8:35  Roach x3  
  83  8:40  Zerg Ground Armor Level 2, Zerg Missile Weapons Level 1  
  89  8:44  Zergling x4  
  89  8:45  Zergling x2  
  92  8:49  Drone  
  92  8:52  Drone x2  
  95  9:00  Roach x3  
  95  9:01  Zergling x4, Roach  
  105  9:03  Drone  
  106  9:11  Drone x2  
  106  9:12  Drone x2  
  110  9:20  Drone x3  
  110  9:21  Drone x2  
  115  9:24  Roach x2  
  115  9:25  Roach  
  115  9:26  Ravager x2  
  115  9:27  Ravager x2  
  115  9:28  Ravager  
  115  9:29  Ravager  
  128  9:31  Zergling x2  
  128  9:33  Roach  
  130  9:44  Hydralisk Den  
  129  9:48  Spore Crawler  
  129  9:49  Spore Crawler  
  129  9:51  Spore Crawler  
  126  9:55  Overlord  
  126  9:56  Overlord  
  126  10:05  Overlord x2  
  126  10:06  Overlord  
  126  10:07  Hatchery  
  126  10:10  Extractor  
  126  10:11  Extractor  
  123  10:23  Roach  
  123  10:24  Roach x6  
  123  10:25  Roach x2  
  138  10:36  Hydralisk  
  138  10:37  Hydralisk x3  
  137  10:53  Roach x5  
  137  10:54  Roach x3  
  153  10:59  Hydralisk, Roach  
  157  11:19  Hydralisk  
  157  11:20  Hydralisk x4  
  167  11:27  Overlord x3  
  167  11:30  Muscular Augments  
  167  11:36  Infestation Pit  
  167  11:37  Zerg Missile Weapons Level 2  
  166  11:41  Zergling x2  
  166  11:45  Queen  
  169  11:47  Ravager x2  
  169  11:48  Ravager  
  169  11:49  Zergling x10  
  169  11:50  Zergling x2  
  169  11:52  Drone  
  177  12:05  Hydralisk  
  177  12:06  Hydralisk x3  
  185  12:12  Ravager x2  
  182  12:23  Hydralisk  
  182  12:24  Hydralisk  
  147  12:46  Roach x11  
  165  13:02  Zergling x4  
  165  13:03  Zergling x6  
  168  13:19  Hydralisk  
  164  13:20  Hydralisk x6  
  174  13:27  Drone x4  
  140  13:44  Roach x7  
  140  14:00  Hydralisk  
  140  14:01  Hydralisk x4  
  141  14:07  Drone x3  
  123  14:20  Hydralisk  
  123  14:21  Drone x2, Hydralisk x2  
  123  14:28  Roach x3  
  123  14:29  Pneumatized Carapace  
  129  14:35  Hydralisk  
  129  14:37  Roach x2  
  124  14:52  Hydralisk  
  90  14:53  Hydralisk x2  
  86  15:04  Zergling x2  
  86  15:05  Zergling x18  
Show
View Real Time Build Order
Export as new Build Order

qqq Zerg - Winner!

Build Orders: Hatch First, Brood Lord Corruptor, Muta Ling Bane 

Get SALT Encoding   

  12  0:06  Drone  
  13  0:08  Drone  
  14  0:20  Overlord  
  14  0:46  Hatchery  
  13  0:54  Drone x2  
  15  1:07  Drone x2  
  17  1:18  Spawning Pool  
  16  1:27  Drone x2  
  18  1:33  Extractor  
  17  1:44  Drone  
  18  1:57  Drone  
  20  2:01  Drone  
  20  2:12  Queen  
  20  2:13  Queen  
  20  2:14  Drone x2  
  20  2:15  Overlord  
  26  2:20  Drone  
  26  2:21  Zergling x2  
  28  2:34  Zergling x2  
  28  2:36  Drone  
  30  2:50  Zergling x2  
  30  2:51  Drone  
  30  2:53  Zergling x2  
  30  2:55  Metabolic Boost  
  32  3:00  Baneling Nest  
  31  3:08  Zergling x2  
  31  3:09  Drone  
  31  3:11  Zergling x2  
  34  3:14  Zergling x2  
  34  3:16  Zergling x2  
  36  3:20  Hatchery  
  36  3:26  Zergling x2  
  36  3:37  Overlord  
  36  3:38  Overlord x2  
  36  3:42  Overlord  
  36  3:56  Zergling x2  
  36  3:57  Zergling x6  
  36  4:01  Zergling x2  
  36  4:02  Zergling x6  
  44  4:04  Zergling x2  
  44  4:07  Zergling x2  
  46  4:10  Baneling x2  
  46  4:12  Baneling x2  
  46  4:15  Baneling x2  
  46  4:17  Zergling x2  
  46  4:19  Zergling x2  
  48  4:26  Zergling x2  
  48  4:35  Zergling x6  
  48  4:36  Zergling x4  
  52  4:51  Zergling x4  
  52  4:52  Zergling x8  
  53  5:04  Lair  
  53  5:05  Zergling x4  
  55  5:08  Baneling x2  
  55  5:09  Baneling x2  
  55  5:12  Drone  
  56  5:18  Drone x2  
  56  5:20  Zergling x2  
  59  5:27  Baneling x2  
  59  5:34  Zergling x6  
  62  5:46  Baneling x2  
  60  5:58  Baneling  
  60  5:59  Zergling x8  
  61  6:14  Zergling x2  
  61  6:16  Drone x3  
  61  6:17  Drone x6  
  71  6:20  Extractor  
  71  6:23  Extractor  
  69  6:25  Overlord  
  69  6:35  Drone  
  69  6:37  Spore Crawler  
  69  6:45  Drone x3  
  69  6:46  Drone  
  73  6:47  Drone  
  74  6:55  Hatchery  
  74  6:56  Extractor  
  74  6:58  Drone x3  
  74  7:00  Drone, Spire  
  75  7:11  Baneling  
  75  7:12  Baneling  
  75  7:25  Evolution Chamber x2  
  75  7:28  Infestation Pit  
  65  7:45  Drone, Zergling x10  
  65  7:46  Drone x7  
  65  7:47  Drone  
  76  7:58  Drone  
  76  7:59  Drone, Spore Crawler  
  76  8:02  Zerg Melee Weapons Level 1  
  76  8:03  Zerg Ground Armor Level 1  
  77  8:14  Mutalisk  
  77  8:15  Mutalisk  
  77  8:17  Drone x2  
  77  8:18  Drone  
  84  8:26  Queen  
  86  8:28  Drone  
  86  8:30  Overlord x3  
  87  8:37  Hive  
  87  8:45  Centrifical Hooks  
  87  8:48  Queen  
  87  8:52  Overseer  
  87  8:53  Overseer  
  87  8:55  Drone x6  
  95  8:59  Extractor  
  95  9:00  Extractor  
  93  9:10  Drone x2  
  95  9:20  Mutalisk  
  95  9:21  Mutalisk  
  92  9:44  Corruptor x2  
  96  9:54  Greater Spire  
  96  9:56  Drone x6  
  100  10:16  Corruptor x4  
  100  10:18  Drone x4  
  112  10:45  Overlord x4  
  112  10:46  Overlord x3  
  112  11:10  Brood Lord x4  
  112  11:11  Brood Lord x2  
  124  11:13  Zergling x4  
  124  11:14  Zergling x16  
  124  11:15  Drone x4  
  124  11:16  Drone x2  
  140  11:18  Extractor  
  140  11:19  Extractor  
  138  11:34  Drone x2, Corruptor  
  138  11:35  Corruptor x3  
  138  11:36  Hatchery  
  138  11:39  Zerg Flyer Weapons Level 1  
  147  11:44  Baneling x2  
  147  11:45  Baneling x2  
  147  11:47  Overlord x3  
  147  11:48  Drone x4  
  151  12:05  Corruptor x3  
  151  12:06  Drone  
  116  12:44  Brood Lord  
  116  12:45  Brood Lord x2  
  122  13:05  Corruptor x3  
  122  13:06  Zergling x4  
  122  13:07  Zergling x16  
  122  13:08  Drone x3  
  137  13:23  Brood Lord x3  
  143  13:30  Drone x5, Corruptor  
  143  13:31  Corruptor  
  138  14:05  Corruptor x3  
  138  14:06  Zergling x12  
  138  14:07  Drone x4  
  150  14:22  Corruptor x3  
  156  14:25  Drone x4  
  160  14:31  Overseer x2  
  160  14:32  Overseer  
  160  14:41  Zergling x6  
  160  14:42  Zergling x8  
  160  14:43  Drone x2  
  167  14:51  Corruptor x4  
Show
View Real Time Build Order
Export as new Build Order

Massa Terran - Winner!

Build Orders: Gas First Reaper Expand 

Get SALT Encoding   

  12  0:00  SCV  
  13  0:12  SCV  
  14  0:24  SCV  
  14  0:27  Supply Depot  
  15  0:31  Refinery  
  15  0:49  SCV  
  16  0:50  Barracks  
  16  1:01  SCV  
  17  1:13  SCV  
  19  1:25  SCV  
  19  1:37  Reaper  
  20  1:41  Supply Depot  
  20  1:42  Command Center  
  20  1:46  SCV  
  21  2:01  Barracks  
  21  2:09  Marine  
  21  2:15  Barracks  
  22  2:24  Orbital Command  
  22  2:32  Marine  
  23  3:15  Marine x2  
  23  3:16  Marine  
  26  3:22  Orbital Command  
  26  3:26  SCV, Factory  
  28  3:35  Marine x2  
  28  3:38  Barracks Tech Lab, SCV  
  30  3:49  SCV  
  30  3:51  SCV  
  30  3:54  Marine x2  
  34  3:59  Stimpack  
  34  4:00  Marauder  
  36  4:12  Marine x2  
  38  4:22  Marauder  
  40  4:24  SCV x2  
  40  4:30  Marine x2  
  41  4:36  SCV x2  
  43  4:43  Marauder  
  45  4:48  SCV  
  45  5:02  SCV  
  46  5:16  Command Center, Supply Depot  
  46  5:17  Factory Tech Lab, Supply Depot  
  46  5:18  Supply Depot  
  46  5:22  Starport, Refinery  
  46  5:38  SCV x2  
  46  5:41  Supply Depot  
  47  5:45  Marauder, Marine x2  
  47  5:47  Combat Shield  
  51  5:50  SCV x2, Siege Tank  
  56  6:02  SCV x2  
  56  6:03  Marine x2  
  60  6:07  Marauder  
  62  6:14  SCV x2  
  62  6:15  Medivac  
  67  6:26  SCV  
  67  6:28  Marauder  
  69  6:37  Barracks Reactor  
  69  6:45  Refinery  
  69  6:48  Barracks Reactor, Engineering Bay  
  69  6:49  Marauder  
  71  6:55  Refinery  
  71  6:57  SCV x2  
  73  7:09  SCV x2  
  73  7:11  Marauder  
  73  7:13  Medivac  
  79  7:19  Orbital Command  
  79  7:21  SCV  
  79  7:22  SCV  
  81  7:30  Marine x4  
  81  7:32  Marauder  
  81  7:33  SCV  
  81  7:34  SCV, Siege Tank  
  92  7:46  SCV  
  93  7:56  Marine x4, Medivac  
  93  7:57  Marauder  
  91  8:06  Supply Depot x2  
  91  8:07  Supply Depot  
  91  8:08  Missile Turret  
  91  8:10  Missile Turret  
  91  8:13  Missile Turret  
  91  8:14  Marine x2  
  91  8:15  Missile Turret  
  91  8:19  Refinery  
  93  8:20  Refinery  
  93  8:27  SCV x3, Starport Reactor, Marine  
  93  8:28  Marauder  
  93  8:30  Missile Turret  
  93  8:31  Supply Depot  
  93  8:32  Siege Tank  
  93  8:33  Supply Depot  
  102  8:34  Concussive Shells  
  102  8:36  Marine x3  
  102  8:39  SCV x3  
  108  8:44  Command Center  
  108  8:45  Marine  
  108  8:48  Missile Turret  
  109  8:49  Marauder  
  109  8:51  SCV x3  
  109  8:54  Marine x2  
  109  8:55  Missile Turret  
  116  8:58  Sensor Tower, Terran Infantry Weapons Level 1  
  116  9:02  Armory  
  116  9:04  SCV x3, Engineering Bay, Siege Tank  
  116  9:09  Barracks x2  
  122  9:10  Marauder  
  122  9:12  Barracks  
  122  9:16  SCV x3  
  127  9:36  Marauder, Marine  
  127  9:37  Marine x3  
  133  9:43  Terran Infantry Armor Level 1  
  133  9:52  Supply Depot  
  133  9:53  Supply Depot x2  
  133  9:54  Supply Depot  
  133  9:55  Supply Depot  
  133  9:56  Marine x3, Viking x2  
  133  9:58  Marauder  
  142  10:19  Marauder  
  144  10:26  Barracks Reactor, Barracks Tech Lab, Viking x2  
  144  10:27  Barracks Tech Lab  
  144  10:28  Marine x4  
  151  10:33  Missile Turret  
  151  10:34  Missile Turret x2  
  152  10:40  Marauder  
  147  10:45  Marine  
  147  10:51  Marauder, Marine  
  147  10:52  Marauder, Marine, Siege Tank  
  147  10:54  Missile Turret  
  156  10:58  Medivac x2  
  156  11:02  Marauder  
  162  11:13  Marauder  
  164  11:23  Marauder  
  164  11:25  Siege Tank  
  169  11:28  Medivac x2  
  171  11:45  Marauder  
  149  12:47  Medivac x2  
  137  13:05  Siege Tank  
  137  13:07  Marauder x3, Marine x2  
  137  13:08  Marine x2  
  150  13:17  Medivac  
  152  13:28  Marauder x3  
  144  13:38  Siege Tank  
  144  13:39  Orbital Command  
  147  13:50  Marauder x3  
  149  13:57  Command Center  
  149  14:06  Marine x5  
  149  14:07  Marine  
  155  14:10  Siege Tank  
  155  14:11  Marauder x3  
  156  14:24  Marine x6  
  154  14:32  Marauder x2  
  154  14:33  Marauder  
  160  14:42  Marine x6  
  131  14:54  Marauder x3  
  131  14:56  Siege Tank  
  131  14:59  Marine  
  140  15:00  Marine x5  
  146  15:12  Refinery  
  146  15:14  Refinery  
  146  15:15  Marine x2  
Tags
 
Add a new tag
Caveats
  • Supply blocks, unpowered buildings, or Contaminate may cause inaccurate times.
  • Supply counts are checked every 10 seconds.